 Dungeon Crawl Stone Soup version 0.30.1-11-g7821555f0a (webtiles) character file.

Game seed: 14586554900803042140

93 monsoonserge the Ruffian (level 4, -3/44 HPs)
             Began as a Troll Fighter on Nov 23, 2023.
             Slain by a gnoll
             ... wielding a +0 whip of electrocution
              (18 damage)
             ... on level 3 of the Dungeon.
             The game lasted 00:04:02 (1468 turns).

monsoonserge the Ruffian (Troll Fighter)            Turns: 1468, Time: 00:04:02

Health: -3/44      AC:  5    Str: 24    XL:     4   Next: 36%
Magic:  3/3        EV:  9    Int:  6    God:
Gold:   139        SH:  7    Dex:  9    Spells: 3/3 levels left

rFire   . .          .
                       - Unarmed
rCold   . . .        b - +0 kite shield
rNeg    . . .        a - +0 robe
rPois   .            (helmet restricted)
rElec   .            g - +0 cloak
rCorr   .            (gloves unavailable)
SInv    .            (boots unavailable)
Will    .....        (no amulet)
Stlth   +            (no ring)
HPRegen 1.07/turn    (no ring)
MPRegen 0.08/turn

%: no passive effects
@: no status effects
A: large, unfitting armour, claws 3, regeneration 1, shaggy fur 1, tough skin 1
a: no special abilities


You were on level 3 of the Dungeon.
You visited 1 branch of the dungeon, and saw 3 of its levels.

You collected 139 gold pieces.

Inventory:

Missiles
 e - 6 poisoned darts (quivered)
 j - 5 silver boomerangs
Armour
 a - a +0 robe (worn)
 b - a +0 kite shield (worn)
 g - a +0 cloak (worn)
Magical Staves
 q - a staff of fire
Scrolls
 i - a scroll of enchant armour {unknown}
 k - 2 scrolls of identify {unknown}
 n - a scroll of vulnerability {unknown}
 p - a scroll of fear {unknown}
 r - a scroll of magic mapping {unknown}
 s - 3 scrolls of teleportation {unknown}
 u - a scroll of poison {unknown}
Potions
 c - 2 potions of might
 d - a potion of flight {unknown}
 f - 3 potions of invisibility {unknown}
 h - 2 potions of mutation {unknown}
 l - a potion of lignification {unknown}
 m - a potion of berserk rage {unknown}
 o - 2 potions of curing {unknown}
 t - a potion of cancellation {unknown}


   Skills:
 + Level 2.9 Fighting
 - Level 2.7 Dodging
 + Level 3.2 Shields
 * Level 3.4 Unarmed Combat


You had 3 spell levels left.
You didn't know any spells.
Your spell library contained the following spells:

 Spells                   Type           Power      Damage    Failure   Level
 Scorch                   Fire           0%         2d5       85%         2
 Flame Wave               Conj/Fire      0%         2d4       100%        4
 Summon Cactus Giant      Summ           0%         N/A       100%        6


Dungeon Overview and Level Annotations

Branches:
Dungeon (3/15)

Altars:


Innate Abilities, Weirdness & Mutations

You are too large for most types of armour.
You have claws for hands.
Your natural rate of healing is unusually fast.
You are covered in fur. (AC +1)
You have tough skin. (AC +1)


Message History

You kill the jackal!
The jackal closely misses you. The jackal bites you. The jackal bites you.
You see here a jackal corpse.
You scratch the jackal.
The jackal is almost dead.
The jackal bites you. x2
You scratch the jackal.
You kill the jackal!
You scratch the kobold.
You kill the kobold!
You barely miss the hobgoblin. You block the hobgoblin's attack.
The hobgoblin misses you. You block the gnoll's attack.
You completely miss the hobgoblin. You block the gnoll's attack.
The hobgoblin barely misses you.
You claw the hobgoblin!
You kill the hobgoblin!
The gnoll hits you from afar with a +0 spear.
You claw the gnoll!
The gnoll is severely wounded.
The gnoll hits you with a +0 flail. The gnoll closely misses you.
You closely miss the gnoll.
The gnoll is severely wounded.
The gnoll hits you from afar with a +0 spear.
You block the gnoll's attack. x2; The gnoll barely misses you. x2
Items here: $ ( ) ? ††††.
You closely miss the gnoll.
The gnoll is severely wounded.
The gnoll hits you from afar with a +0 halberd!
You block the gnoll's attack. x2
The gnoll hits you with a +0 whip of electrocution.
You scratch the gnoll.
You kill the gnoll!
You block the gnoll's attack.
The gnoll hits you with a +0 whip of electrocution.
You block the gnoll's attack. The gnoll attacks as you move away!
The gnoll hits you with a +0 whip of electrocution.
You are electrocuted!!
You die...

###.#.# #.##
##.......#..# .#####...#
#.# #...####...##
.......#.# #.#
+.⌠.#..#.### .#####...#
#.# #...#..#.#
###.#######.####..###'#.#
#.#.............'..)#.#
#...............#.).#.#
#.#.....)†####..#...#.#
#.#######@#..'..###)#.
..######gg#).#...#..#
......[gr####...#..#.##..
.######h..r.g.P####.....
#...g.g..........>
########†####.....
.....##...h......#.
........g#h....#...
....#.....##.#...<


You could see 3 gnolls, a jackal and a rat.

Vanquished Creatures
  A gnoll (D:3)
  2 adders (D:2)
  A worm (D:2)
  2 orcs (D:3)
  6 ball pythons
  6 bats
  3 endoplasms (D:1)
  A giant cockroach (D:1)
  7 goblins
  8 hobgoblins
  5 jackals (D:3)
  3 quokkas
  3 frilled lizards
  6 kobolds
  2 rats
56 creatures vanquished.

Notes
Turn   | Place    | Note
-------+----------+-------------------------------------------
     0 | D:1      | monsoonserge the Troll Fighter began the quest for the Orb.
     0 | D:1      | Reached XP level 1. HP: 22/22 MP: 0/0
   123 | D:1      | Reached XP level 2. HP: 29/29 MP: 1/1
   285 | D:1      | Found a faded altar of an unknown god.
   574 | D:2      | Reached XP level 3. HP: 36/36 MP: 2/2
  1371 | D:3      | Reached XP level 4. HP: 44/44 MP: 3/3
  1468 | D:3      | Slain by a gnoll

Illustrated notes

Levels and vault maps discovered:
D:1:      co_arrival_square_in_a_square_in_a_square, layout_rooms,
          shapermc_ecumenical_altar_mp_vishouse, minmay_pentomino_o2
D:2:      layout_basic
D:3:      corexii_shack_village, layout_rooms, minmay_joined_circles

Skill      XL: |  1  2  3 |
---------------+----------+-----
Shields        | 3 |  3.2
Unarmed Combat | 3 |  3.4
Fighting       | |  2.9
Dodging        | |  2.7

Action                     |  1- 3 |  4- 6 || total
---------------------------+-------+-------++-------
  Melee: Unarmed           |   123 |    34 ||   157
   Stab: Sleeping          |     2 |       ||     2
 Armour: Robe              |    35 |    12 ||    47
  Dodge: Dodged            |    48 |    24 ||    72
  Block: Kite shield       |    41 |    22 ||    63
